 Dungeon Crawl Stone Soup version 0.21.1-1-g345015fe64 (webtiles) character file.

176247 Gargoyl the Corrupter of Planes (level 17, 0/146 HPs)
             Began as a Centaur Abyssal Knight on July 16, 2018.
             Was the Champion of Lugonu.
             Slain by an emperor scorpion (11 damage)
             ... on level 4 of the Spider Nest.
             The game lasted 01:18:16 (51384 turns).

Gargoyl the Corrupter of Planes (CeAK)             Turns: 51384, Time: 01:18:17

Health: 0/146      AC: 28    Str: 26 (28) XL:     17   Next: 50%
Magic:  0/27       EV: 10    Int: 11      God:    Lugonu [******]
Gold:   1691       SH: 14    Dex: 12 (13) Spells: 16/16 levels left

rFire    + + +     SeeInvis .   o - +5 hand axe (venom)
rCold    + + .     Gourm    .   P - +3 buckler {rPois}
rNeg     . . .     Faith    .   H - +1 acid dragon scales
rPois    +         Spirit   .   q - +1 hat
rElec    .         Reflect  +   n - +2 cloak
rCorr    +         Harm     .   y - +2 pair of gloves
MR       ++...                  v - +2 centaur barding of Prudence {rC+}
Stlth    ..........             t - +5 amulet of reflection
HPRegen  0.34/turn              z - ring "Xoudghe" {rF+ rC+ Str+4 Stlth-}
MPRegen  0.20/turn              r - ring of Keaxt {rF+ Str+4}

@: lethally poisoned (0 -> -35), very quick
A: large, antennae 1, hooves 3, molten scales 1, agile 1, deformed body, fire
resistance 1, speed 2, magic resistance 1, tough skin 3, subdued magic 1
a: Depart the Abyss, Bend Space, Banish, Corrupt, Enter the Abyss, Brand Weapon
With Distortion, Renounce Religion


You were on level 4 of the Spider Nest.
You worshipped Lugonu.
Lugonu was exalted by your worship.
You were not hungry.

You visited 4 branches of the dungeon, and saw 27 of its levels.
You visited the Abyss 1 time.
You also visited: Labyrinth and Ice Cave.

You collected 2876 gold pieces.
You spent 1185 gold pieces at shops.

Inventory:

Hand Weapons
 b - a +1 short sword of holy wrath
 k - a +2 war axe of chopping
 o - a +5 hand axe of venom (weapon)
 Z - a +3 hand axe
Missiles
 m - 14 tomahawks (quivered)
Armour
 n - a +2 cloak (worn)
 p - a +0 helmet
 q - a +1 hat (worn)
 v - the +2 centaur barding of Prudence (worn) {rC+}
   (You acquired it on level 7 of the Dungeon)

   It protects you from cold.
 y - a +2 pair of gloves (worn)
 H - +1 acid dragon scales (worn)
 P - a +3 buckler of poison resistance (worn)
Jewellery
 a - an uncursed ring of magical power {unknown}
 r - the ring of Keaxt (right hand) {rF+ Str+4}
   (You bought it in a shop on level 2 of the Orcish Mines)

   [ring of protection from fire]

   It affects your strength (+4).
   It protects you from fire.
 t - a +5 amulet of reflection (around neck)
 z - the ring "Xoudghe" (left hand) {rF+ rC+ Str+4 Stlth-}
   (You found it on level 6 of the Lair of Beasts)

   [ring of strength]

   It affects your strength (+4).
   It protects you from fire.
   It protects you from cold.
   It makes you less stealthy.
Wands
 l - a wand of digging (37)
Scrolls
 e - 12 scrolls of teleportation
 f - 11 scrolls of remove curse
 g - 8 scrolls of identify
 h - a scroll of holy word
 i - a scroll of fear
 A - 4 scrolls of blinking
 I - 4 scrolls of fog
Potions
 d - 4 potions of cancellation
 j - a potion of invisibility
 u - 4 potions of haste
 x - 2 potions of might
 B - 4 potions of ambrosia
 G - 10 potions of curing
 Q - 2 potions of flight
 S - 3 potions of brilliance
 T - 2 potions of agility
 V - 2 potions of heal wounds
 X - 2 potions of resistance
 Y - a potion of mutation
Miscellaneous
 w - a lightning rod (4/4)
Comestibles
 c - 39 rations


   Skills:
 + Level 11.8 Fighting
 + Level 3.5(4.2) Short Blades
   Level 3.2(4.0) Long Blades
 + Level 13.0 Axes
   Level 1.5(8.7) Maces & Flails
 + Level 2.5 Throwing
 * Level 12.1 Armour
 + Level 6.8 Dodging
 + Level 9.1 Shields
 * Level 14.3 Invocations
 + Level 1.3 Evocations


You had 16 spell levels left.
You didn't know any spells.

Dungeon Overview and Level Annotations

Branches:
Dungeon (15/15)              Lair (6/6) D:9           Swamp (0/4) Lair:4
 Spider (4/4) Lair:4        Slime (0/5) Lair:6          Orc (2/2) D:11
    Elf (0/3) Orc:2        Vaults (0/5) D:13         Depths (0/5) D:15
 Temple: D:4-7

Altars:
Ashenzari
Cheibriados
Dithmenos
Elyvilon
Gozag
Hepliaklqana
Kikubaaqudgha
Okawaru
Qazlal
Sif Muna
Trog
Zin
The Shining One
Beogh
Jiyva

Shops:
D:4 ?   D:5 :=?   D:8 ?   D:13 [   Orc:1 !   Orc:2 *=[=?


Innate Abilities, Weirdness & Mutations

You have hooves in place of feet.
Armour fits poorly on your strangely shaped body.
You cover ground very quickly.
You have extremely tough skin. (AC +3)
You have a pair of small antennae on your head.
You are partially covered in molten scales. (AC +2)
You are agile. (Dex +2)
Your flesh is heat resistant. (rF+)
You are resistant to hostile enchantments. (MR+)
Your spells are a little easier to cast, but a little less powerful.


Message History

* * * LOW HITPOINT WARNING * * *
Something stings you but does no damage.
You closely miss the emperor scorpion.
The emperor scorpion is almost dead.
You miss something. You closely miss the emperor scorpion.
The emperor scorpion is almost dead.
You hit something.
You feel you are being watched by something.
Something hits you!
* * * LOW HITPOINT WARNING * * *
Something hits you.
* * * LOW HITPOINT WARNING * * *
Something stings you.
* * * LOW HITPOINT WARNING * * *
You are lethally poisoned!
Something poisons you! The emperor scorpion stings you!
* * * LOW HITPOINT WARNING * * *
The emperor scorpion claws you!
You die...

#.#......#.....≈#...#.≈....
####.............≈.#[..#....^.
####.........#..#.#^#....≈..#.#.#
#...........###########≈..#######
.....#..#..## .## #.....####.#
..#.....#..# ..# #≈.....##..#
........#### ##^.####...####^^#
......### #s{###.##.##.###†^
..#..#### #@###..≈...≈.≈#.#^
....##..## #..#≈.≈.....≈..#..
..#..#...# ##....#≈≈.≈.#..≈.#
........## ##...≈###...###≈.≈^
........# #≈...## ##### ##..^
...#....## #..≈## ##≈.
.........## ##### ### #.........#
.....##...#


You could see an emperor scorpion.

Vanquished Creatures
  Gastronok (D:9)
  A ghost moth (Spider:4)
  Aizul (Spider:1)
  7 emperor scorpions
  4 entropy weavers
  A dire elephant (Lair:6)
  A spark wasp (Spider:4)
  A minotaur (Lab)
  Snorg (D:9)
  2 ogre magi (Orc:2)
  A rakshasa (D:15)
  Fannar (D:12)
  13 two-headed ogres
  A catoblepas (Lair:6)
  3 centaur warriors
  A queen ant (Spider:1)
  Sonja (D:12)
  11 skeletal warriors
  2 deep trolls (Orc:2)
  2 unseen horrors
  A glowing orange brain (D:15)
  A wizard (D:15)
  Pikel (D:3)
  A deep elf archer (D:13)
  3 lindwurms (Lair:6)
  A harpy (shapeshifter) (D:15)
  4 deep elf magi (D:13)
  2 wolf spider zombies (D:13)
  An orc knight (D:13)
  13 orb spiders
  3 ugly things
  18 wolf spiders
  2 cyclopes (Orc:2)
  An orc sorcerer (Orc:2)
  4 manticores
  9 slime creatures
  4 moths of wrath
  A salamander (shapeshifter) (D:15)
  10 elephants
  2 black mambas
  12 spiny frogs
  A gargoyle (D:13)
  3 torpor snails
  3 rime drakes
  17 demonic crawlers
  4 freezing wraiths
  3 yaktaurs (D:13)
  2 kobold demonologists (D:15)
  4 komodo dragons
  11 trolls
  23 jumping spiders
  11 polar bears
  9 hornets
  Grinder (D:4)
  A tyrant leech (Lair:4)
  A dream sheep (Lair:6)
  3 raiju (Lair:6)
  A meliai zombie (D:13)
  11 hippogriffs
  A blink frog (shapeshifter) (D:14)
  9 blink frogs
  53 redbacks
  2 shadows
  A wyvern (D:12)
  A spriggan (Lair:6)
  A spriggan (shapeshifter) (D:15)
  12 tarantellas
  A wraith (D:11)
  Eustachio (D:6)
  12 yaks
  Grum (D:8)
  4 basilisks
  2 steam dragons
  A human (D:8)
  2 hungry ghosts
  A hog (shapeshifter) (D:15)
  3 hogs (D:8)
  4 vampire mosquitoes (D:12)
  8 wargs
  A swamp worm (Lair:4)
  10 water moccasins
  3 acid dragons
  3 soldier ants
  12 hell hounds (Lair:6)
  5 porcupines
  8 ice beasts
  16 orc warriors
  A phantom (D:13)
  5 sky beasts
  10 black bears (Lair:6)
  27 ogres
  2 eyes of draining
  2 necrophages
  17 centaurs
  41 wolves
  16 crocodiles
  2 big kobolds (D:15)
  20 bullfrogs
  A wyvern skeleton (D:8)
  7 scorpions
  A water moccasin skeleton (D:7)
  23 wights
  6 killer bees
  8 howler monkeys
  3 electric eels
  6 crimson imps
  A lava snake (Lair:5)
  A bullfrog zombie (D:12)
  A quasit (D:11)
  A bullfrog skeleton (D:13)
  7 jellies
  20 orc priests
  8 hounds
  7 centaur skeletons
  Jessica (D:3)
  7 iguanas
  Natasha (twice) (D:2)
  Terence (D:3)
  21 orc wizards
  21 worker ants
  A killer bee zombie (D:5)
  Robin (D:2)
  16 gnolls
  11 adders
  4 shadow imps
  4 oozes
  3 adder skeletons
  4 worms
  2 leopard geckos
  85 orcs
  2 ball pythons
  6 giant cockroaches
  18 goblins
  7 hobgoblins
  4 jackals (D:5)
  6 quokkas
  2 bats (D:1)
  2 frilled lizards
  9 kobolds
  A quokka zombie (D:7)
  7 rats
  5 fungi
  3 plants
937 creatures vanquished.

Vanquished Creatures (collateral kills)
  A large abomination (Abyss:2)
  A hellwing (Abyss:2)
2 creatures vanquished.

Vanquished Creatures (others)
  The ghost of Schimscham the Frost Mage, a journeyman DsIE of Sif Muna (Lair:6)
  A hydra (shapeshifter) (D:15)
  7 hydras
  A two-headed ogre (D:8)
  An orb spider (Spider:4)
  A yaktaur (D:13)
  A demonic crawler (Spider:4)
  A vampire (D:12)
  A black bear (Lair:6)
  An ogre (D:8)
  6 centaurs
  Blork the orc (D:4)
  An electric eel (Lair:4)
  A bullfrog zombie (D:11)
  An orc wizard (D:13)
  An orc (D:13)
  A ball python (D:4)
  3 fungi
  A lurking horror (Abyss:2)
  14 plants
46 creatures vanquished.

Grand Total: 985 creatures vanquished

Notes
Turn   | Place    | Note
-------+----------+-------------------------------------------
     0 | Abyss:1  | Gargoyl the Centaur Abyssal Knight began the quest for the Orb.
     0 | Abyss:1  | Reached XP level 1. HP: 19/19 MP: 2/2
    94 | Abyss:2  | Noticed a hellwing
   101 | Abyss:2  | Killed a hellwing
   101 | Abyss:2  | Reached XP level 2. HP: 28/28 MP: 3/3
   101 | Abyss:2  | Reached XP level 3. HP: 34/34 MP: 4/4
   101 | Abyss:2  | Reached XP level 4. HP: 41/41 MP: 5/5
   117 | Abyss:2  | Noticed a large abomination
   126 | Abyss:2  | Killed a large abomination
   126 | Abyss:2  | Reached skill level 5 in Fighting
   126 | Abyss:2  | Reached XP level 5. HP: 48/48 MP: 5/7
   126 | Abyss:2  | Reached XP level 6. HP: 56/56 MP: 5/8
   153 | Abyss:2  | Noticed a raiju
   161 | Abyss:3  | Noticed a draconian
   161 | Abyss:3  | Noticed a purple draconian stormcaller
   161 | Abyss:3  | Noticed a starcursed mass
   161 | Abyss:3  | Noticed a purple draconian scorcher
   161 | Abyss:3  | Noticed a chaos spawn
   161 | Abyss:3  | Noticed a draconian
   161 | Abyss:3  | Noticed a black draconian shifter
   163 | D:1      | Escaped the Abyss
   941 | D:1      | Reached * piety under Lugonu
  1200 | D:3      | Noticed Terence
  1223 | D:3      | Killed Terence
  1223 | D:3      | Reached skill level 3 in Invocations
  1375 | D:3      | Reached skill level 1 in Dodging
  1986 | D:3      | Noticed Jessica
  1997 | D:3      | Killed Jessica
  2396 | D:3      | Found a deep blue altar of Sif Muna.
  2398 | D:3      | Found a bloodstained altar of Trog.
  2399 | D:3      | Found a shattered altar of Ashenzari.
  2399 | D:3      | Found a glowing silver altar of Zin.
  2399 | D:3      | Found an ancient bone altar of Kikubaaqudgha.
  2415 | D:3      | Found a stormy altar of Qazlal.
  3182 | D:2      | Noticed Natasha
  3189 | D:2      | Killed Natasha
  3420 | D:2      | Noticed Robin
  3423 | D:2      | Reached ** piety under Lugonu
  3426 | D:2      | Reached XP level 7. HP: 57/62 MP: 9/9
  3431 | D:2      | Killed Robin
  3619 | D:2      | Noticed Natasha
  3630 | D:2      | Killed Natasha
  3962 | D:2      | Found a shadowy altar of Dithmenos.
  4150 | D:4      | Noticed Pikel
  4318 | D:3      | Paralysed by Pikel for 6 turns
  4347 | D:3      | Paralysed by Pikel for 2 turns
  4352 | D:3      | Killed Pikel
  4352 | D:3      | Reached skill level 4 in Invocations
  4352 | D:3      | Reached XP level 8. HP: 70/70 MP: 9/11
  4606 | D:4      | Killed Blork the orc
  4654 | D:4      | Noticed Grinder
  4660 | D:4      | Paralysed by Grinder for 6 turns
  4682 | D:5      | Entered Level 5 of the Dungeon
  4969 | D:4      | Paralysed by Grinder for 5 turns
  4976 | D:4      | Paralysed by Grinder for 2 turns
  4982 | D:4      | Killed Grinder
  4982 | D:4      | Reached skill level 5 in Axes
  5305 | D:4      | Reached skill level 5 in Invocations
  5425 | D:4      | Found Ninet's Magic Scroll Boutique.
  5569 | D:4      | Bought a scroll of teleportation for 33 gold pieces
  5569 | D:4      | Bought a scroll of teleportation for 33 gold pieces
  6058 | D:5      | Found Xauf's Jewellery Shop.
  6427 | D:5      | Found Gyekkyh's Book Boutique.
  6475 | D:5      | Found a bloodstained altar of Trog.
  6586 | D:5      | Reached XP level 9. HP: 78/78 MP: 13/13
  6867 | D:5      | Found Goikuonn's Magic Scroll Boutique.
  6870 | D:5      | Bought a scroll of teleportation for 36 gold pieces
  6870 | D:5      | Bought a scroll of teleportation for 36 gold pieces
  6870 | D:5      | Bought a scroll of teleportation for 36 gold pieces
  6870 | D:5      | Bought a scroll of teleportation for 36 gold pieces
  7024 | D:5      | Bought a scroll of blinking for 90 gold pieces
  7080 | D:6      | Found a hazy altar of Hepliaklqana.
  7167 | D:6      | Reached *** piety under Lugonu
  7642 | D:6      | Noticed Eustachio
  7664 | D:6      | Killed Eustachio
  7940 | D:6      | Reached skill level 6 in Invocations
  8822 | D:6      | Reached skill level 1 in Short Blades
  9279 | D:7      | Identified a scroll of acquirement
  9280 | D:7      | Got a fine centaur barding
  9281 | D:7      | Identified the +2 centaur barding of Prudence {rC+} (You acquired it on level 7 of the Dungeon)
  9527 | D:7      | Identified the Almanac of the Warped Volcanoes
  9647 | D:8      | Noticed a two-headed ogre
  9659 | D:8      | Killed a two-headed ogre
  9659 | D:8      | Reached XP level 10. HP: 40/86 MP: 13/15
  9664 | D:8      | Reached skill level 5 in Armour
  9996 | D:7      | Reached **** piety under Lugonu
 10345 | D:8      | Noticed a two-headed ogre
 10366 | D:8      | Killed a two-headed ogre
 10366 | D:8      | Reached skill level 1 in Throwing
 10366 | D:8      | Reached skill level 1 in Shields
 10366 | D:8      | Reached skill level 7 in Invocations
 10458 | D:8      | Noticed a two-headed ogre
 10828 | D:8      | Killed a two-headed ogre
 10943 | D:8      | Got a steaming flail {drain}
 10944 | D:8      | Identified the cursed +2 flail of Discord {drain, rElec Str+4} (You took it off a wight on level 8 of the Dungeon)
 11030 | D:8      | Noticed a two-headed ogre
 11276 | D:8      | HP: 6/132 [two-headed ogre/giant club (6)]
 11278 | D:8      | Banished a two-headed ogre
 11278 | D:8      | Reached skill level 1 in Maces & Flails
 11664 | D:8      | Reached skill level 8 in Invocations
 11833 | D:8      | Reached XP level 11. HP: 75/94 MP: 17/17
 11985 | D:8      | Found Lit Ong's Magic Scroll Shop.
 11986 | D:8      | Noticed Grum
 12009 | D:8      | Killed Grum
 12220 | D:8      | Bought a scroll of enchant armour for 82 gold pieces
 12220 | D:8      | Bought a scroll of enchant weapon for 82 gold pieces
 12803 | D:9      | Found a white marble altar of Elyvilon.
 13316 | D:9      | Found a staircase to the Lair.
 13689 | D:9      | Noticed Gastronok
 13723 | D:10     | Entered Level 10 of the Dungeon
 14034 | D:9      | Killed Gastronok
 14034 | D:9      | Reached skill level 9 in Invocations
 14192 | Lair:1   | Entered Level 1 of the Lair of Beasts
 14559 | Lair:1   | Noticed a six-headed hydra
 14563 | Lair:1   | Banished a six-headed hydra
 14726 | Lair:1   | Found a labyrinth entrance.
 14746 | Lab      | Entered a labyrinth
 14945 | Lab      | Noticed a minotaur
 14956 | Lab      | Killed a minotaur
 14981 | Lab      | Identified Sif Muna's Compendium of Summoning and Transformation
 14982 | Lab      | Got a coiled lead amulet
 16271 | Lair:2   | Reached XP level 12. HP: 73/103 MP: 19/19
 16554 | Lair:2   | Reached ***** piety under Lugonu
 18327 | Lair:4   | Found a hole to the Spider Nest.
 18703 | Lair:4   | Found the +4 dagger "Morg" {pain, MR+ Int+5}
 19062 | Lair:4   | Found a staircase to the Swamp.
 19359 | Lair:4   | Found a snail-covered altar of Cheibriados.
 19627 | Lair:4   | Reached skill level 10 in Invocations
 19788 | Lair:4   | Identified the amulet "Impirim" {Gourm Fragile rElec rPois rC+} (You found it in a labyrinth)
 20589 | Lair:5   | Noticed an eight-headed hydra
 20593 | Lair:5   | Banished an eight-headed hydra
 20684 | Lair:5   | Noticed a six-headed hydra
 20691 | Lair:5   | Banished a six-headed hydra
 20839 | Lair:5   | Noticed a six-headed hydra
 21048 | Lair:5   | Banished a six-headed hydra
 21590 | Lair:5   | Reached skill level 10 in Axes
 21910 | Lair:6   | Entered Level 6 of the Lair of Beasts
 21947 | Lair:6   | Reached XP level 13. HP: 93/111 MP: 20/20
 22138 | Lair:6   | Noticed Schimscham's ghost (journeyman DsIE)
 22590 | Lair:6   | Banished Schimscham's ghost
 23993 | Lair:6   | Reached skill level 11 in Invocations
 24197 | Lair:6   | Found a viscous altar of Jiyva.
 24197 | Lair:6   | Found a staircase to the Slime Pits.
 24833 | Lair:6   | Reached skill level 5 in Shields
 24997 | Lair:6   | Got a slimy golden ring
 26734 | Lair:6   | Noticed a dire elephant
 26737 | Lair:6   | Reached skill level 10 in Fighting
 27152 | Lair:6   | Reached skill level 10 in Armour
 27253 | Lair:6   | Killed a dire elephant
 27757 | D:9      | Identified the ring "Xoudghe" {rF+ rC+ Str+4 Stlth-} (You found it on level 6 of the Lair of Beasts)
 27772 | D:9      | Gained mutation: You are frail. (-10% HP) [potion of mutation]
 27772 | D:9      | Gained mutation: You are partially covered in yellow scales. (AC +2) [potion of mutation]
 27774 | D:9      | Lost mutation: You are frail. (-10% HP) [potion of mutation]
 27774 | D:9      | Lost mutation: You are partially covered in yellow scales. (AC +2) [potion of mutation]
 27774 | D:9      | Gained mutation: Your movements are slightly less encumbered by armour. (ER -2) [potion of mutation]
 27774 | D:9      | Gained mutation: Your natural rate of healing is unusually fast. [potion of mutation]
 27775 | D:9      | Lost mutation: Your natural rate of healing is unusually fast. [potion of mutation]
 27775 | D:9      | Lost mutation: Your movements are slightly less encumbered by armour. (ER -2) [potion of mutation]
 27775 | D:9      | Gained mutation: Your system is resistant to poisons. (rPois) [potion of mutation]
 27775 | D:9      | Gained mutation: You are frail. (-10% HP) [potion of mutation]
 27775 | D:9      | Gained mutation: You have a pair of small antennae on your head. [potion of mutation]
 27776 | D:9      | Lost mutation: Your system is resistant to poisons. (rPois) [potion of mutation]
 27776 | D:9      | Lost mutation: You are frail. (-10% HP) [potion of mutation]
 27776 | D:9      | Gained mutation: You are resistant to hostile enchantments. (MR+) [potion of mutation]
 27776 | D:9      | Gained mutation: You are agile. (Dex +2) [potion of mutation]
 27776 | D:9      | Gained mutation: You are partially covered in molten scales. (AC +2) [potion of mutation]
 27776 | D:9      | Gained mutation: Your flesh is heat resistant. (rF+) [potion of mutation]
 27951 | D:10     | Found an opulent altar of Gozag.
 28007 | D:10     | Reached XP level 14. HP: 120/121 MP: 22/22
 28206 | D:10     | Noticed Snorg
 28278 | D:9      | Killed Snorg
 28655 | D:10     | Found an iron altar of Okawaru.
 29161 | D:11     | Found a staircase to the Orcish Mines.
 31302 | D:12     | Found a shattered altar of Ashenzari.
 31328 | D:12     | Noticed Sonja
 31351 | D:12     | Killed Sonja
 31486 | D:12     | Noticed Fannar
 31501 | D:12     | Killed Fannar
 31600 | D:12     | Reached skill level 12 in Invocations
 31600 | D:12     | Reached skill level 1 in Evocations
 31600 | D:12     | Reached XP level 15. HP: 128/128 MP: 22/24
 32559 | D:13     | Found Dinog's Armour Emporium.
 33440 | D:13     | Gained mutation: Your spells are a little easier to cast, but a little less powerful. [a neqoxec]
 33492 | D:13     | Reached ****** piety under Lugonu
 33513 | D:13     | Reached skill level 5 in Dodging
 34608 | D:13     | Found a gate to the Vaults.
 36012 | D:14     | Found a glowing golden altar of the Shining One.
 36341 | D:15     | Entered Level 15 of the Dungeon
 36905 | D:15     | Reached XP level 16. HP: 102/136 MP: 25/25
 37258 | D:15     | Found a staircase to the Depths.
 38363 | Orc:1    | Entered Level 1 of the Orcish Mines
 38442 | Orc:1    | Found Meimov's Distillery.
 38466 | Orc:1    | Found a roughly hewn altar of Beogh.
 38480 | Orc:1    | Reached skill level 13 in Invocations
 38605 | Orc:1    | Bought a potion of curing for 36 gold pieces
 38605 | Orc:1    | Bought a potion of curing for 36 gold pieces
 38779 | Orc:2    | Entered Level 2 of the Orcish Mines
 39127 | Orc:2    | Found a staircase to the Elven Halls.
 39141 | Orc:2    | Found Musotada's General Store.
 39158 | Orc:2    | Bought 2 potions of curing for 84 gold pieces
 39450 | Orc:2    | Found Zosovit's Jewellery Shoppe.
 39453 | Orc:2    | Found Siogim's Jewellery Emporium.
 40558 | Orc:2    | Found Wesmiall's Magic Scroll Shop.
 40567 | Orc:2    | Bought the ring of Keaxt {rF+ Str+4} for 565 gold pieces
 40571 | Orc:2    | Found Edezun's Armour Shoppe.
 40862 | Spider:1 | Entered Level 1 of the Spider Nest
 41427 | Spider:1 | Found a frozen archway.
 41467 | IceCv    | Entered an ice cave
 42086 | Spider:1 | Got a jewelled falchion
 42087 | Spider:1 | Identified the +11 falchion of Quiclef {venom, +Rage} (You found it on level 1 of the Spider Nest)
 42863 | Spider:1 | Reached skill level 1 in Long Blades
 44245 | Spider:2 | Noticed Aizul
 44418 | Spider:1 | Killed Aizul
 46024 | Spider:3 | Reached XP level 17. HP: 132/145 MP: 27/27
 47351 | Spider:4 | Entered Level 4 of the Spider Nest
 47582 | Spider:4 | Reached skill level 14 in Invocations
 47606 | Spider:4 | HP: 7/146 [poisoned by a ghost moth]
 47611 | Spider:4 | HP: 5/146 [poisoned by a ghost moth]
 47617 | Spider:4 | HP: 4/146 [poisoned by a ghost moth]
 47623 | Spider:4 | HP: 4/146 [poisoned by a ghost moth]
 47631 | Spider:4 | HP: 4/146 [poisoned by a ghost moth]
 50434 | Spider:4 | Paralysed by a hornet for 3 turns
 51384 | Spider:4 | Slain by an emperor scorpion

Skill      XL: |  1  2  3  4  5  6  7  8  9 10 11 12 13 14 15 16 17 |
---------------+----------------------------------------------------+-----
Fighting       | 4 5 6 7 8 9 10 11 | 11.8
Axes           | 2 3 4 5 7 9 10 11 12 13 | 13.0
Armour         | 2 3 4 5 7 9 10 11 12 | 12.1
Invocations    | 3 4 5 6 8 9 10 11 12 13 14 | 14.3
Dodging        | 1 2 3 4 5 6 |  6.8
Short Blades   | 2 3 |  3.5
Throwing       | 1 2 |  2.5
Shields        | 2 3 4 5 6 7 8 9 |  9.1
Maces & Flails | 1 |  1.5
Evocations     | 1 |  1.3
Long Blades    | 2 3 |  3.2

Action                   |  1- 3 |  4- 6 |  7- 9 | 10-12 | 13-15 | 16-18 || total
-------------------------+-------+-------+-------+-------+-------+-------++-------
Melee: Hand axe          |       |   167 |   322 |   812 |  1445 |   957 ||  3703
       Kick              |       |    35 |   112 |   298 |   671 |   561 ||  1677
       Short sword       |       |       |    88 |    33 |   297 |       ||   418
       Flail             |       |       |       |    58 |       |       ||    58
       War axe           |       |       |       |       |    46 |       ||    46
       Falchion          |       |       |       |       |       |   289 ||   289
Throw: Tomahawk          |       |       |     7 |     7 |     4 |     8 ||    26
Invok: Depart the Abyss  |       |     1 |       |       |       |       ||     1
       Banish            |       |       |       |     8 |     8 |     5 ||    21
       Bend Space        |       |       |       |     1 |     4 |     2 ||     7
Evoke: Wand              |       |     1 |       |     2 |     1 |     1 ||     5
  Use: Scroll            |     3 |     2 |    11 |    17 |    22 |     8 ||    63
       Potion            |     1 |     2 |     2 |     5 |     8 |     9 ||    27
 Stab: Petrified         |       |       |       |       |     1 |       ||     1
       Distracted        |       |       |       |       |     1 |       ||     1
  Eat: Chunk             |       |     6 |    13 |    30 |    22 |    11 ||    82
       Ration            |       |       |     1 |     2 |     8 |    10 ||    21
Armor: Leather armour    |       |    46 |   146 |    11 |       |       ||   203
       Skin              |       |       |    19 |    11 |       |       ||    30
       Plate armour      |       |       |       |   512 |   898 |       ||  1410
       Acid dragon scale |       |       |       |       |   214 |  1020 ||  1234
Dodge: Dodged            |       |    91 |   158 |    90 |   285 |   551 ||  1175
Block: Other             |       |       |    90 |       |       |       ||    90
       Reflection        |       |       |     3 |    13 |    57 |     9 ||    82
       Buckler           |       |       |    15 |   401 |  1063 |  1128 ||  2607
       Rpst.: Falchion   |       |       |       |       |       |    23 ||    23
